 Dungeon Sprint DCSS version 0.27-a0-1456-gf5a116941d (webtiles) character file.

Game seed: 4507095736608527485

50725 mhtbhm the Phalangite (level 14, -2/134 HPs)
             Began as a Green Draconian Berserker on July 6, 2021.
             Was the Champion of Trog.
             Killed from afar by a deep elf knight (20 damage)
             ... with a shard of ice
             ... in the Dungeon (Sprint VII: "The Pits").
             The game lasted 00:11:32 (5006 turns).

mhtbhm the Phalangite (Green Draconian Berserker)   Turns: 5006, Time: 00:11:33

Health: -2/134     AC:  9    Str: 24    XL:     14   Next: 20%
Magic:  14/14      EV: 23    Int:  9    God:    Trog [******]
Gold:   46         SH:  0    Dex: 10    Spells: 13/13 levels left

rFire    . . .     SeeInvis .   a - +5 bardiche (vorpal)
rCold    . . .     Faith    .   (shield currently unavailable)
rNeg     . . .     Spirit   .   (armour unavailable)
rPois    +         Reflect  .   (helmet restricted)
rElec    .         Harm     .   n - +0 cloak
rCorr    .         Rampage  .   (no gloves)
Will     +....     NoTele   +   (no boots)
Stlth    ++++++....             (no amulet)
HPRegen  0.00/turn              k - +3 ring of evasion
MPRegen  0.14/turn              l - +3 ring of evasion

@: on berserk cooldown, slowed, very slow
A: breathe noxious fumes, AC +8, unfitting armour, stinger 1, poison resistance,
cold-blooded, frail 1, inhibited regeneration
a: Breathe Noxious Fumes, Renounce Religion, Berserk, Trog's Hand, Brothers in
Arms


You were in the Dungeon.
You worshipped Trog.
Trog was exalted by your worship.
You visited 1 branch You collected 46 gold pieces.

Inventory:

Hand Weapons
 a - a +5 vorpal bardiche (weapon)
Missiles
 j - a curare-tipped dart (quivered)
Armour
 n - a +0 cloak (worn)
Jewellery
 g - the ring of Efimiq {rCorr Dex+2}
   (You found it in the Dungeon)

   [ring of resist corrosion]

   Dex:       It affects your dexterity (+2).
   rCorr:     It protects you from acid and corrosion.
 k - a +3 ring of evasion (left hand)
 l - a +3 ring of evasion (right hand)
 q - a ring of willpower
 v - a ring of see invisible
Scrolls
 i - a scroll of summoning
 p - 2 scrolls of magic mapping
 r - 4 scrolls of enchant armour
 s - 3 scrolls of fog
 t - 4 scrolls of enchant weapon
 u - 2 scrolls of identify
Potions
 b - 9 potions of curing
 c - 2 potions of heal wounds
 d - a potion of haste
 e - 4 potions of magic
 f - 5 potions of berserk rage
 h - 2 potions of invisibility
 m - 2 potions of mutation
 x - a potion of might
Miscellaneous
 o - a box of beasts
 w - a phial of floods
 y - a piece from Xom's chessboard (15/15)


   Skills:
 + Level 20.5 Fighting
 + Level 23.9 Polearms
 + Level 15.2 Dodging
 + Level 15.6 Stealth


You had 13 spell levels left.
You didn't know any spells.
Your spell library was empty.

Dungeon Overview and Level Annotations

Branches:
Dungeon (1/1)

Altars:
Cheibriados
Dithmenos
Elyvilon
Fedhas
Gozag
Hepliaklqana
Makhleb
Nemelex Xobeh
Okawaru
Qazlal
Ru
Sif Muna
Trog
Vehumet
Wu Jian
Xom
Yredelemnul
Zin
The Shining One
Beogh
Jiyva
Lugonu


Innate Abilities, Weirdness & Mutations

You can breathe blasts of noxious fumes.
Your lurid green scales are hard. (AC +8)
You cannot fit into any form of body armour.
Your tail ends in a poisonous barb.
Your system is resistant to poisons. (rPois)
You are cold-blooded and may be slowed by cold attacks.
You are frail. (-10% HP)
You do not regenerate when monsters are visible.


Message History

You feel a strong urge to attack something.
You are no longer berserk.
You are exhausted.
You feel yourself slow down. Something barely misses you.
Your stone giant rages.
Something hits you!
* * * LOW HITPOINT WARNING * * *
Something hits you!
* * * LOW HITPOINT WARNING * * *
Unknown command.
You feel much better. Something hits you.
* * * LOW HITPOINT WARNING * * *
You hear some strange, mumbled words.
A lance of force appears from out of thin air!
The lance of force misses you.
Unknown command.
You closely miss something.
You hear some strange, mumbled words.
A shard of ice appears from out of thin air!
The shard of ice misses you. Something hits you!
* * * LOW HITPOINT WARNING * * *
Unknown command.
You feel much better. Something hits you!
* * * LOW HITPOINT WARNING * * *
You hear some strange, mumbled words.
A shard of ice appears from out of thin air!
The shard of ice misses you.
Unknown command.
You completely miss something.
Your tail-slap misses something.
Something hits you!
* * * LOW HITPOINT WARNING * * *
Something hits you.
* * * LOW HITPOINT WARNING * * *
Unknown command.
You miss something. Something misses you.
Your stone giant rages.
You hear some strange, mumbled words.
A shard of ice appears from out of thin air!
The shard of ice hits you!!
You die...

########################'#
.........................#
..............).......)..#
#######''##############).#
'))#........# +...+ #..#
#))#........# #.).# #..#
#######..#######...####).#
...#.)))....#.)C......#..#
..)..).))......{@.....#..#
.).#...)....#.).......#..#
##.####..####.##+###+##..#
)#)#((#### #.# #..#
)#.'((# +.# #..# #######
### #++# ##### .#).# .#(.#


You could see a friendly stone giant (summoned, berserk).

Vanquished Creatures
  A royal mummy (D)
  A Brimstone Fiend (D)
  A titan (D)
  An acid blob (D)
  A frost giant (D)
  An orc warlord (D)
  A mummy priest (D)
  A hydra (D)
  A yaktaur captain (D)
  3 vault guards (D)
  A centaur warrior (D)
  A death knight (D)
  4 death yaks (D)
  A merfolk avatar (D)
  2 two-headed ogres (D)
  A vampire mage (D)
  A skeletal warrior (D)
  A shadow wraith (D)
  A sixfirhy (D)
  An iron troll (D)
  A flayed ghost (D)
  A wizard (D)
  A lindwurm (D)
  A deep elf pyromancer (D)
  10 orc knights (D)
  A moth of wrath (D)
  A manticore (D)
  A rust devil (D)
  2 orange demons (D)
  A gargoyle (D)
  2 komodo dragons (D)
  An efreet (D)
  2 demonic crawlers (D)
  A freezing wraith (D)
  An ice devil (D)
  A yaktaur (D)
  2 hellwings (D)
  2 trolls (D)
  A polar bear (D)
  2 hornets (D)
  4 slime creatures (D)
  A flying skull (D)
  A wraith (D)
  A shadow (D)
  A fire elemental (D)
  2 basilisks (D)
  A yak (D)
  Grum (D)
  A neqoxec (D)
  3 vampire mosquitoes (D)
  A warg (D)
  A water moccasin (D)
  A swamp drake (D)
  3 orc warriors (D)
  A sky beast (D)
  A black bear (D)
  3 centaurs (D)
  4 wolves (D)
  A phantom (D)
  A kobold brigand (D)
  A bullfrog (D)
  2 scorpions (D)
  A jelly (D)
  An orc priest (D)
  An iron imp (D)
  2 orc wizards (D)
  A mummy (D)
  An adder (D)
  A river rat (D)
  2 ufetubi (D)
  2 adder zombies (D)
  A worm (D)
  An orc (D)
  A goblin (D)
  5 jackals (D)
  A kobold (D)
  2 ball pythons (D)
  2 giant cockroach zombies (D)
122 creatures vanquished.

Vanquished Creatures (collateral kills)
  A hellephant (D)
  Agnes (D)
  2 orc warlords (D)
  An emperor scorpion (D)
  A fire dragon (D)
  A deep elf high priest (D)
  2 naga warriors (D)
  A hydra (D)
  A spriggan air mage (D)
  A death knight (D)
  An alligator (D)
  A sun demon (D)
  4 skeletal warriors (D)
  2 orc knights (D)
  An ugly thing (D)
  A cane toad (D)
  An efreet (D)
  A polar bear (D)
  A redback (D)
  A tarantella (D)
  2 vampires (D)
  A mummy (D)
  A bat zombie (D)
30 creatures vanquished.

Vanquished Creatures (others)
  An efreet (D)
  A basilisk (D)
2 creatures vanquished.

Grand Total: 154 creatures vanquished

Notes
Turn   | Place    | Note
-------+----------+-------------------------------------------
     0 | D        | mhtbhm the Draconian Berserker began the quest for the Orb.
     0 | D        | Reached XP level 1. HP: 19/19 MP: 1/1
    18 | D        | Found a bloodstained altar of Trog.
    18 | D        | Found a shimmering blue altar of Sif Muna.
    18 | D        | Found a viscous altar of Jiyva.
    18 | D        | Found a hazy altar of Hepliaklqana.
    18 | D        | Found an opulent altar of Gozag.
    51 | D        | Reached ** piety under Trog
    57 | D        | Noticed a scorpion
    60 | D        | Reached skill level 4 in Polearms
    60 | D        | Reached XP level 2. HP: 27/28 MP: 2/2
    62 | D        | Killed a scorpion
    63 | D        | Reached skill level 5 in Polearms
    63 | D        | Reached XP level 3. HP: 37/37 MP: 3/3
    63 | D        | Reached XP level 4. HP: 44/44 MP: 4/4
   220 | D        | Reached *** piety under Trog
   276 | D        | Found a glowing golden altar of the Shining One.
   276 | D        | Found a glowing silver altar of Zin.
   276 | D        | Found a basalt altar of Yredelemnul.
   276 | D        | Found a shimmering altar of Xom.
   276 | D        | Found an ornate altar of the Wu Jian Council.
   276 | D        | Found a sacrificial altar of Ru.
   276 | D        | Found a stormy altar of Qazlal.
   276 | D        | Found an iron altar of Okawaru.
   276 | D        | Found a sparkling altar of Nemelex Xobeh.
   276 | D        | Found a burning altar of Makhleb.
   276 | D        | Found a blossoming altar of Fedhas.
   276 | D        | Found a white marble altar of Elyvilon.
   276 | D        | Found a shadowy altar of Dithmenos.
   276 | D        | Found a snail-covered altar of Cheibriados.
   300 | D        | Noticed a bullfrog
   309 | D        | Reached skill level 6 in Polearms
   309 | D        | Reached skill level 5 in Dodging
   313 | D        | Noticed a kobold brigand
   318 | D        | Killed a bullfrog
   318 | D        | Reached **** piety under Trog
   319 | D        | Reached skill level 7 in Polearms
   319 | D        | Reached skill level 1 in Stealth
   319 | D        | Reached XP level 5. HP: 27/52 MP: 5/5
   452 | D        | Noticed a black bear
   459 | D        | Reached skill level 8 in Polearms
   459 | D        | Reached XP level 6. HP: 55/62 MP: 6/6
   467 | D        | Reached ***** piety under Trog
   468 | D        | Reached skill level 9 in Polearms
   596 | D        | Noticed a sky beast
   602 | D        | Killed a sky beast
   605 | D        | Noticed an orc warrior
   616 | D        | Killed an orc warrior
   617 | D        | Reached skill level 10 in Polearms
   617 | D        | Your scales start taking on a lurid green colour.
   617 | D        | Reached XP level 7. HP: 36/71 MP: 7/7
   617 | D        | Gained mutation: Your system is resistant to poisons.
                  | (rPois) [Green Draconian growth]
   791 | D        | Received a gift from Trog
   800 | D        | Noticed a flying skull
   800 | D        | Noticed an ice devil
   815 | D        | Killed an ice devil
   816 | D        | Reached skill level 10 in Fighting
   816 | D        | Reached skill level 11 in Polearms
  1011 | D        | Killed a flying skull
  1012 | D        | Reached XP level 8. HP: 81/81 MP: 8/8
  1100 | D        | Found a radiant altar of Vehumet.
  1100 | D        | Found a corrupted altar of Lugonu.
  1126 | D        | Noticed a death yak
  1127 | D        | Noticed a demonic crawler
  1138 | D        | Killed a death yak
  1139 | D        | Reached skill level 12 in Polearms
  1148 | D        | Killed a demonic crawler
  1149 | D        | Reached skill level 13 in Polearms
  1308 | D        | Noticed a sixfirhy
  1309 | D        | Noticed an orange demon
  1316 | D        | Reached skill level 10 in Dodging
  1316 | D        | Reached XP level 9. HP: 90/90 MP: 9/9
  1317 | D        | Killed a sixfirhy
  1318 | D        | Reached skill level 5 in Stealth
  1321 | D        | Killed an orange demon
  1321 | D        | Received a gift from Trog
  1322 | D        | Reached skill level 14 in Polearms
  1370 | D        | Noticed a lindwurm
  1373 | D        | Noticed a five-headed hydra
  1380 | D        | Killed a lindwurm
  1380 | D        | Reached ****** piety under Trog
  1385 | D        | Killed a ten-headed hydra
  1386 | D        | Reached skill level 15 in Polearms
  1386 | D        | Reached XP level 10. HP: 101/101 MP: 10/10
  1465 | D        | Noticed a merfolk avatar
  1483 | D        | Killed a merfolk avatar
  1540 | D        | Noticed a two-headed ogre
  1540 | D        | Noticed a death knight
  1546 | D        | Killed a two-headed ogre
  1546 | D        | Received a gift from Trog
  1550 | D        | Reached skill level 16 in Polearms
  1557 | D        | Killed a death knight
  1824 | D        | Noticed Grum
  1831 | D        | Received a gift from Trog
  1853 | D        | Killed Grum
  1987 | D        | Noticed a wizard
  1989 | D        | Killed a wizard
  1990 | D        | Reached XP level 11. HP: 111/111 MP: 11/11
  1991 | D        | Reached skill level 17 in Polearms
  2000 | D        | Received a gift from Trog
  2006 | D        | Noticed an orc knight
  2024 | D        | Killed an orc knight
  2032 | D        | Received a gift from Trog
  2092 | D        | Reached skill level 15 in Fighting
  2146 | D        | Noticed a deep elf pyromancer
  2152 | D        | Noticed a two-headed ogre
  2161 | D        | Killed a deep elf pyromancer
  2162 | D        | Reached skill level 10 in Stealth
  2164 | D        | Killed a two-headed ogre
  2164 | D        | Received a gift from Trog
  2166 | D        | Reached skill level 18 in Polearms
  2211 | D        | Noticed a death yak
  2211 | D        | Noticed a death yak
  2212 | D        | Noticed a death yak
  2214 | D        | Noticed an emperor scorpion
  2222 | D        | Killed a death yak
  2232 | D        | Received a gift from Trog
  2237 | D        | Killed a death yak
  2245 | D        | Killed a death yak
  2261 | D        | Killed an emperor scorpion
  2262 | D        | Identified the +8 battleaxe of Defenestration {vorpal,
                  | +Blink} (Trog gifted it to you in the Dungeon)
  2262 | D        | Received a gift from Trog
  2544 | D        | Noticed a brown ugly thing
  2544 | D        | Noticed a frost giant
  2544 | D        | Noticed a vampire mage
  2545 | D        | Noticed a death knight
  2550 | D        | Reached XP level 12. HP: 122/122 MP: 4/12
  2551 | D        | Noticed a centaur warrior
  2554 | D        | Killed a death knight
  2557 | D        | Noticed a fire dragon
  2559 | D        | Killed a frost giant
  2560 | D        | Reached skill level 19 in Polearms
  2562 | D        | Killed a centaur warrior
  2562 | D        | Received a gift from Trog
  2563 | D        | Killed a fire dragon
  2574 | D        | Killed a vampire mage
  2574 | D        | Received a gift from Trog
  2860 | D        | Noticed an eight-headed hydra
  2860 | D        | Noticed a spriggan air mage
  2860 | D        | Noticed a deep elf high priest
  2860 | D        | Noticed an alligator
  2868 | D        | Killed an alligator
  2869 | D        | Noticed an orc warlord
  2876 | D        | Killed a spriggan air mage
  2877 | D        | Killed an orc warlord
  2877 | D        | Noticed Agnes
  2881 | D        | Killed an eight-headed hydra
  2881 | D        | Received a gift from Trog
  2885 | D        | Killed Agnes
  2886 | D        | Reached skill level 20 in Polearms
  2888 | D        | Killed a deep elf high priest
  2888 | D        | Received a gift from Trog
  2911 | D        | HP: 4/127 [skeletal warrior[a skeletal warrior] (22)]
  2917 | D        | Received a gift from Trog
  2933 | D        | Received a gift from Trog
  2945 | D        | Reached XP level 13. HP: 17/134 MP: 13/13
  3346 | D        | Got the ring of Efimiq {rCorr Dex+2}
  3349 | D        | Found the +8 Wrath of Trog {antimagic, *Rage Rampage}
  3461 | D        | Noticed a titan
  3465 | D        | Killed a titan
  3466 | D        | Reached skill level 21 in Polearms
  3510 | D        | Noticed an acid blob
  3514 | D        | Killed an acid blob
  3722 | D        | Noticed a Brimstone Fiend
  3729 | D        | Killed a Brimstone Fiend
  3729 | D        | Received a gift from Trog
  4096 | D        | Noticed a royal mummy
  4109 | D        | Killed a royal mummy
  4110 | D        | Reached skill level 22 in Polearms
  4357 | D        | Noticed an orc warlord
  4357 | D        | Noticed an orc warlord
  4377 | D        | Reached skill level 15 in Dodging
  4381 | D        | Received a gift from Trog
  4385 | D        | Killed an orc warlord
  4386 | D        | Reached skill level 23 in Polearms
  4395 | D        | Killed an orc warlord
  4396 | D        | Received a gift from Trog
  4794 | D        | Gained mutation: Your tail ends in a poisonous barb. [Green
                  | Draconian growth]
  4794 | D        | Reached XP level 14. HP: 148/148 MP: 14/14
  4794 | D        | Gained mutation: You are frail. (-10% HP) [a neqoxec]
  4797 | D        | Gained mutation: You do not regenerate when monsters are
                  | visible. [a neqoxec]
  4802 | D        | Reached skill level 15 in Stealth
  4810 | D        | Received a gift from Trog
  4977 | D        | Noticed a hellephant
  4998 | D        | Killed a hellephant
  5006 | D        | Killed from afar by a deep elf knight

Illustrated notes

Levels and vault maps discovered:
D:        pitsprint [storerooms_1, entrance_room_1, metal_vault_1, armoury_2,
          mini_pit_1, grid_room_1, main_hall_1, silver_pit, the_coven_3,
          the_vestibule_1, steel_vault_5, golden_pit, hallway_of_sentries,
          crystal_vault_2, iron_vault_1, final_vault]

Skill      XL: |  1  2  3  4  5  6  7  8  9 10 11 12 13 14 |
---------------+-------------------------------------------+-----
Fighting       | 4 6 7 8 9 10 11 13 14 16 18 20 | 20.5
Dodging        | 3 4 6 8 9 10 11 13 14 15 | 15.2
Polearms       | 4 5 7 8 10 11 13 15 16 18 20 23 | 23.9
Stealth        | 1 2 3 4 6 8 11 12 14 15 | 15.6

Action                   |  1- 3 |  4- 6 |  7- 9 | 10-12 | 13-15 || total
-------------------------+-------+-------+-------+-------+-------++-------
Melee: Trident           |     6 |    55 |    25 |       |       ||    86
       Spear             |     1 |       |       |       |       ||     1
       Tailslap          |       |     8 |    10 |    28 |    10 ||    56
       Halberd           |       |       |    36 |    92 |       ||   128
       Glaive            |       |       |       |    86 |       ||    86
       Bardiche          |       |       |       |    45 |   105 ||   150
Invok: Berserk           |     1 |     2 |     5 |     9 |     7 ||    24
       Brothers in Arms  |       |       |       |     9 |     3 ||    12
       Trog's Hand       |       |       |       |       |     1 ||     1
 Abil: Breathe Noxious F |       |       |     2 |    11 |     1 ||    14
  Use: Potion            |       |     2 |       |    15 |     4 ||    21
       Scroll            |       |       |       |     1 |       ||     1
 Stab: Sleeping          |     1 |       |     1 |     3 |     3 ||     8
       Confused          |       |       |     4 |     7 |       ||    11
       Distracted        |       |       |       |     2 |     1 ||     3
       Invisible         |       |       |       |       |     8 ||     8
Armor: Skin              |     1 |    17 |    16 |    22 |     9 ||    65
Dodge: Dodged            |     3 |    33 |    55 |   168 |    49 ||   308

Table legend: (Time is in decaauts)
 A = Elapsed time spent in this place.
 B = Non-inter-level travel time spent in this place.
 C = Inter-level travel time spent in this place.
 D = Time resting spent in this place.
 E = Time spent auto-exploring this place.
 F = Levels seen in this place.
 G = Mean time per level.
                   A        B        C        D        E       F      G
               +--------+--------+--------+--------+--------+-----+--------+
         Total |   5149 |   5149 |      0 |   3491 |     68 |   1 | 5149.0 |
       Dungeon |   5149 |   5149 |      0 |   3491 |     68 |   1 | 5149.0 |
               +--------+--------+--------+--------+--------+-----+--------+

Top non-repeatable levels by time:
       D: 5149 daAuts
